[Event "Titled Tuesday Blitz March 14 Late 2023"]
[White "Ashraf, Artin"]
[Black "Erigaisi Arjun"]
[WhiteFideId "22514805"]
[BlackFideId "35009192"]
[WhiteElo "2188"]
[BlackElo "2737"]
[Result "1/2-1/2"]
[Round "03"]
[TimeControl "180+1"]
[Date "2023.03.14"]
[WhiteClock "0:00:06"]
[BlackClock "0:00:05"]

1. Nf3 d6 2. d4 g6 3. e4 Bg7 4. Bb5+ c6 5. Bd3 Nd7 6. c4 e5 7. d5 Ngf6 8. Nc3 Nc5 9. Bc2 a5 10. Be3 O-O 11. Qe2 cxd5 12. cxd5 b6 13. Bxc5 bxc5 14. Bd3 Nh5 15. g3 Bh3 16. O-O-O a4 17. Nd2 a3 18. b3 f5 19. Kc2 f4 20. Rhg1 Qe7 21. f3 fxg3 22. hxg3 Bd7 23. Bb5 Nf6 24. Bxd7 Qxd7 25. Nc4 Ra7 26. Nb6 Qe7 27. Nb5 Ra6 28. Na4 Rfa8 29. Qc4 Ne8 30. Nxa3 Qd7 31. Nb5 Rb8 32. Nac3 Bh6 33. a4 Be3 34. Rg2 Rab6 35. Rh1 Bd4 36. Rgh2 Nf6 37. g4 Be3 38. Qd3 Bf4 39. Rh3 Qf7 40. Qc4 h6 41. Rb1 Kg7 42. Ra1 Qd7 43. a5 Rxb5 44. Nxb5 Rxb5 45. a6 Rb8 46. a7 Ra8 47. Qa6 h5 48. Qb6 hxg4 49. fxg4 Qxg4 50. Qb7+ Nd7 51. Qxa8 Qxh3 52. Qd8 Qg2+ 53. Kb1 Qxe4+ 54. Kb2 Qd4+ 55. Ka2 Qd2+ 56. Ka3 Qb4+ 57. Ka2 Nb6 58. Qc7+ Kh6 59. Qxb6 Qxb6 60. a8=Q c4 61. Qh8+ Kg5 62. bxc4 Qf2+ 63. Kb3 Qe3+ 64. Ka2 Qe2+ 65. Kb3 Qd3+ 66. Kb4 Bd2+ 67. Kb5 Qb3+ 68. Kc6 Qxc4+ 69. Kxd6 Bb4+ 70. Ke6 Qg4+ 71. Kf7 Qd7+ 72. Kg8 Qxd5+ 73. Kh7 Qd7+ 74. Qg7 Qh3+ 75. Kg8 Qe6+ 76. Qf7 Qxf7+ 77. Kxf7 e4 78. Rg1+ Kf5 79. Rf1+ Ke5 80. Kxg6 e3 81. Rf3 Ke4 82. Rxe3+ Kxe3 1/2-1/2


[Site "https://www.chess.com"]

[Event "Titled Tuesday Blitz March 14 Late 2023"]
[White "Aung Thant Zin"]
[Black "Sarkar, Justin"]
[WhiteFideId "13000063"]
[BlackFideId "2010011"]
[WhiteElo "2278"]
[BlackElo "2189"]
[Result "1-0"]
[Round "03"]
[TimeControl "180+1"]
[Date "2023.03.14"]
[WhiteClock "0:00:44"]
[BlackClock "0:00:01"]

1. e4 e5 2. Nf3 Nc6 3. d4 exd4 4. Nxd4 Nf6 5. Nc3 Bb4 6. Nxc6 bxc6 7. Bd3 O-O 8. O-O d5 9. exd5 cxd5 10. Bg5 c6 11. h3 h6 12. Bd2 Bd6 13. Qf3 Rb8 14. b3 Be5 15. Rae1 Re8 16. Na4 Qd6 17. Rxe5 Rxe5 18. Bf4 Nd7 19. Qe3 Rxe3 20. Bxd6 Rxd3 21. cxd3 Rb5 22. Rc1 Bb7 23. d4 a5 24. Re1 Nf6 25. Re7 Bc8 26. Be5 Be6 27. Nc5 Rb4 28. Nxe6 fxe6 29. Rxe6 a4 30. Rxc6 axb3 31. axb3 Rxb3 32. Bxf6 gxf6 33. Rxf6 Kg7 34. Rd6 Rb5 35. Kh2 h5 36. Kg3 1-0


[Site "https://www.chess.com"]

[Event "Titled Tuesday Blitz March 14 Late 2023"]
[White "Avalos Parra, Joao"]
[Black "Melikyan, Gnel"]
[WhiteFideId "3402541"]
[BlackFideId "54109990"]
[WhiteElo "2173"]
[BlackElo "2138"]
[Result "0-1"]
[Round "03"]
[TimeControl "180+1"]
[Date "2023.03.14"]
[WhiteClock "0:00:13"]
[BlackClock "0:02:10"]

1. d4 b5 2. c4 bxc4 3. Nf3 Nf6 4. g3 d5 5. Bg2 e6 6. O-O c5 7. b3 cxb3 8. Qxb3 Nc6 9. Bg5 c4 10. Qc2 Be7 11. Nc3 h6 12. Bxf6 Bxf6 13. Rfd1 O-O 14. e4 Nb4 15. Qe2 Bb7 16. e5 Be7 17. Rab1 Bc6 18. h4 a5 19. Nh2 Re8 20. Qh5 Bf8 21. Ng4 Rb8 22. Ne3 g6 23. Qg4 Nd3 24. Rxb8 Qxb8 25. Nxc4 Nb2 26. Nxb2 Qxb2 27. Ne2 Ba4 28. Re1 Bb4 29. Rf1 h5 30. Qf3 Bb5 31. Nf4 Bxf1 32. Bxf1 Qxd4 33. g4 Bd2 34. Nxh5 gxh5 35. gxh5 Qxe5 36. Bd3 f5 37. h6 Kh7 38. Qh5 Rg8+ 39. Kh1 Qe1+ 40. Kh2 Qg1+ 41. Kh3 Qh1# 0-1


[Site "https://www.chess.com"]

[Event "Titled Tuesday Blitz March 14 Late 2023"]
[White "Avila Pavas, Santiago"]
[Black "Lenderman, Aleksandr"]
[WhiteFideId "4437128"]
[BlackFideId "2021285"]
[WhiteElo "2365"]
[BlackElo "2607"]
[Result "0-1"]
[Round "03"]
[TimeControl "180+1"]
[Date "2023.03.14"]
[WhiteClock "0:00:03"]
[BlackClock "0:00:07"]

1. d4 e6 2. Nf3 Nf6 3. Bf4 d5 4. e3 Bd6 5. Bg3 O-O 6. Nbd2 c5 7. c3 Qc7 8. Bd3 Nbd7 9. e4 cxd4 10. Nxd4 Bxg3 11. hxg3 Nc5 12. Bc2 dxe4 13. Qe2 e5 14. N4b3 Bg4 15. Qe3 Nd3+ 16. Bxd3 exd3 17. Qxd3 Rad8 18. Qe3 Bf5 19. O-O b6 20. Rfe1 Rfe8 21. Nf3 h6 22. Rad1 Ng4 23. Qe2 e4 24. Nfd4 Bc8 25. Nb5 Qe5 26. Rxd8 Rxd8 27. f3 Nf6 28. Nxa7 Bd7 29. Nd4 Qxg3 30. Qf2 Qd6 31. Nab5 Qc5 32. a4 exf3 33. Nxf3 Qh5 34. Re5 Qg6 35. Qxb6 Rf8 36. Nbd4 Bxa4 37. Nf5 Kh7 38. Qb4 Ra8 39. N3h4 Qg5 40. Re3 Bd1 41. Qe7 Bh5 42. Re1 Re8 43. Qxe8 Nxe8 44. Rxe8 Bg4 45. Re5 Bxf5 46. Nxf5 g6 47. b4 gxf5 48. Rc5 Qc1+ 49. Kf2 Qd2+ 50. Kf3 f4 51. Rc7 Qe3+ 52. Kg4 Kg6 53. Rc6+ f6 54. Rc5 Qg3# 0-1


[Site "https://www.chess.com"]

[Event "Titled Tuesday Blitz March 14 Late 2023"]
[White "Bach, Matthias"]
[Black "Mirzoev, Azer"]
[WhiteFideId "4603168"]
[BlackFideId "13400304"]
[WhiteElo "2165"]
[BlackElo "2525"]
[Result "0-1"]
[Round "03"]
[TimeControl "180+1"]
[Date "2023.03.14"]
[WhiteClock "0:01:36"]
[BlackClock "0:02:07"]

1. d4 Nf6 2. c4 e6 3. Nc3 c5 4. d5 exd5 5. cxd5 d6 6. e4 a6 7. a4 g6 8. f4 Bg7 9. Nf3 O-O 10. Be2 Bg4 11. e5 dxe5 12. fxe5 Nfd7 13. e6 fxe6 14. O-O Bxf3 15. Bxf3 Ne5 16. Be4 Rxf1+ 17. Qxf1 c4 18. Be3 exd5 19. Bxd5+ Kh8 20. Bxb7 Ng4 21. Rd1 Qc7 22. Bd4 Qxh2# 0-1


[Site "https://www.chess.com"]

[Event "Titled Tuesday Blitz March 14 Late 2023"]
[White "Bacrot, Etienne"]
[Black "Fus, Jakub"]
[WhiteFideId "605506"]
[BlackFideId "1193023"]
[WhiteElo "2663"]
[BlackElo "2335"]
[Result "1-0"]
[Round "03"]
[TimeControl "180+1"]
[Date "2023.03.14"]
[WhiteClock "0:00:03"]
[BlackClock "0:00:03"]

1. e4 e6 2. d4 d5 3. exd5 exd5 4. Nf3 Nf6 5. Bd3 Bd6 6. Qe2+ Be6 7. Ng5 Qe7 8. Nxe6 fxe6 9. c3 c5 10. dxc5 Bxc5 11. Nd2 Nc6 12. Nb3 Bb6 13. Bg5 O-O 14. O-O e5 15. c4 e4 16. Bc2 dxc4 17. Qxc4+ Kh8 18. Rae1 Ne5 19. Bxf6 Qxf6 20. Qxe4 Ng6 21. Re2 Qxb2 22. g3 Rf7 23. Qg4 Qf6 24. Kg2 Raf8 25. f4 Ne7 26. Rfe1 g6 27. Re5 Nc6 28. Re6 Qb2 29. R1e2 Qg7 30. Qh3 Rf6 31. R6e4 Rd6 32. Re8 Rf6 33. Qc8 h6 34. Rxf8+ Rxf8 35. Re8 Rxe8 36. Qxe8+ Kh7 37. f5 Ne5 38. fxg6+ Nxg6 39. h4 h5 40. Kh3 Qf6 41. Qd7+ Kh6 42. Qd2+ Kh7 43. Qd3 Kh6 44. Kg2 Qf2+ 45. Kh3 Qf6 46. Qe4 Qg7 47. Qf5 Ne5 48. Qe6+ Ng6 49. Nd2 1-0


[Site "https://www.chess.com"]

[Event "Titled Tuesday Blitz March 14 Late 2023"]
[White "Bilych, Olexiy"]
[Black "Rustemov, Alexander"]
[WhiteFideId "14156504"]
[BlackFideId "4119002"]
[WhiteElo "2320"]
[BlackElo "2940"]
[Result "1/2-1/2"]
[Round "03"]
[TimeControl "180+1"]
[Date "2023.03.14"]
[WhiteClock "0:00:08"]
[BlackClock "0:00:20"]

1. d4 d5 2. c4 c6 3. Nf3 Nf6 4. Nc3 a6 5. e3 Bf5 6. Qb3 Ra7 7. c5 Nbd7 8. Na4 e6 9. Bd2 Ne4 10. Be2 Be7 11. O-O O-O 12. Rfd1 Re8 13. Rac1 Bf6 14. Be1 h6 15. Nb6 Nxb6 16. Ba5 Ra8 17. Bxb6 Qe7 18. Ne5 Bxe5 19. dxe5 f6 20. exf6 Nxf6 21. f3 e5 22. Ba5 Kh8 23. Be1 Rf8 24. Bh4 Rae8 25. Rd2 g5 26. Bg3 Nh5 27. e4 dxe4 28. fxe4 Be6 29. Bxe5+ Kh7 30. Qc3 Nf4 31. Bxf4 Rxf4 32. Rcd1 Bc8 33. g3 Rff8 34. Bh5 Rd8 35. Rd6 Rd7 36. Bg6+ Kg8 37. Bf5 Rxf5 38. exf5 Rxd6 39. cxd6 Qf7 40. f6 Be6 41. Qe5 Qd7 42. Re1 Kf7 43. Qe4 Qxd6 44. Qh7+ Kxf6 45. Qxh6+ Kf7 46. Rf1+ Ke8 47. Qh8+ Kd7 48. Qg7+ Ke8 49. Qg6+ Kd7 50. Qg7+ Ke8 51. Qxg5 Qd4+ 52. Kg2 Bd5+ 53. Kh3 Be6+ 54. g4 Qd3+ 55. Kg2 Bd5+ 56. Kg1 Qd4+ 57. Rf2 Qd1+ 58. Rf1 Qd4+ 59. Rf2 Qd1+ 60. Rf1 Qd4+ 1/2-1/2


[Site "https://www.chess.com"]

[Event "Titled Tuesday Blitz March 14 Late 2023"]
[White "Biriukov, Ilja"]
[Black "Yang, Kevin"]
[WhiteFideId "4113373"]
[BlackFideId "30908485"]
[WhiteElo "2426"]
[BlackElo "2055"]
[Result "1-0"]
[Round "03"]
[TimeControl "180+1"]
[Date "2023.03.14"]
[WhiteClock "0:01:18"]
[BlackClock "0:00:02"]

1. c4 e5 2. Nc3 Nf6 3. d3 c6 4. Nf3 Qc7 5. g3 Be7 6. Bg2 d6 7. O-O O-O 8. Rb1 a5 9. a3 Re8 10. b4 axb4 11. axb4 h6 12. b5 Bf5 13. e4 Bh7 14. h3 Nbd7 15. Be3 Ra3 16. Qc2 Rea8 17. bxc6 bxc6 18. Rb2 Ra1 19. Rfb1 Rxb1+ 20. Qxb1 Bd8 21. Kh2 Qc8 22. Nh4 Ba5 23. Qc2 Nf8 24. g4 Ne6 25. Nf5 Bxf5 26. exf5 Nd4 27. Bxd4 exd4 28. Nb5 cxb5 29. Bxa8 Qxa8 30. cxb5 Bc3 31. Ra2 Qf3 32. Qe2 Qd5 33. b6 Qb5 34. h4 Qxb6 35. g5 Nd5 36. Qe8+ Kh7 37. g6+ 1-0


[Site "https://www.chess.com"]

[Event "Titled Tuesday Blitz March 14 Late 2023"]
[White "Bochnicka, Vladimir"]
[Black "Ambartsumova, Karina"]
[WhiteFideId "14943450"]
[BlackFideId "4166299"]
[WhiteElo "2094"]
[BlackElo "2300"]
[Result "0-1"]
[Round "03"]
[TimeControl "180+1"]
[Date "2023.03.14"]
[WhiteClock "0:00:04"]
[BlackClock "0:00:14"]

1. e4 c5 2. Nf3 e6 3. g3 Nc6 4. Bg2 Nf6 5. d3 d6 6. O-O g6 7. Re1 Bg7 8. c3 e5 9. h3 O-O 10. d4 Bd7 11. Be3 cxd4 12. cxd4 Nxe4 13. d5 Ne7 14. Nxe5 Bxe5 15. Bxe4 Bxb2 16. Nd2 Bxa1 17. Qxa1 Bxh3 18. Bh6 f6 19. Nc4 Rf7 20. Bf4 Nc8 21. Bc2 b5 22. Nd2 g5 23. Be3 Nb6 24. Bd4 Rc8 25. Bb3 Bf5 26. Nf3 h6 27. Bb2 Nc4 28. Bc3 a5 29. Nd4 Qd7 30. a4 b4 31. Bb2 Nxb2 32. Qxb2 Rc3 33. Ne6 Qc8 34. Bd1 Re7 35. Bf3 Kh7 36. Kg2 Bxe6 37. dxe6 Rxe6 38. Bg4 Qb7+ 39. Kf1 Rxe1+ 40. Kxe1 Qe4+ 41. Be2 Rc2 42. Qb1 Qxe2# 0-1


[Site "https://www.chess.com"]

[Event "Titled Tuesday Blitz March 14 Late 2023"]
[White "Bortnyk, Olexandr"]
[Black "Gasparyan, David"]
[WhiteFideId "14120828"]
[BlackFideId "13311980"]
[WhiteElo "2734"]
[BlackElo "2518"]
[Result "1-0"]
[Round "03"]
[TimeControl "180+1"]
[Date "2023.03.14"]
[WhiteClock "0:02:20"]
[BlackClock "0:00:03"]

1. d4 Nf6 2. Nc3 d5 3. Bf4 a6 4. e3 Bf5 5. Nf3 e6 6. Ne5 Nbd7 7. g4 Be4 8. f3 Bg6 9. h4 h6 10. Nxg6 fxg6 11. Bd3 Kf7 12. Ne2 c5 13. c3 cxd4 14. exd4 Qb6 15. Qc2 Bd6 16. Bxg6+ Ke7 17. O-O-O Raf8 18. Rhe1 Kd8 19. Kb1 Kc8 20. Qd2 e5 21. dxe5 Nxe5 22. Bxe5 Bxe5 23. Bf5+ Kb8 24. Nd4 Bd6 25. Re6 Re8 26. Rde1 Rxe6 27. Rxe6 Re8 28. g5 Rxe6 29. Nxe6 hxg5 30. hxg5 Nh5 31. Qxd5 Qg1+ 32. Kc2 Qf2+ 33. Qd2 Qxd2+ 34. Kxd2 b5 35. Ke3 Ng3 36. Bg4 g6 37. Kf2 Kb7 38. f4 Ne4+ 39. Ke3 Ng3 40. Bf3+ Kb6 41. Be4 Nf1+ 42. Kf2 Nd2 43. Bxg6 Nc4 44. b3 Nb2 45. Bc2 a5 46. g6 1-0


[Site "https://www.chess.com"]

[Event "Titled Tuesday Blitz March 14 Late 2023"]
[White "Burke, Paul"]
[Black "Almeida Quintana, Omar"]
[WhiteFideId "2605767"]
[BlackFideId "3503313"]
[WhiteElo "1854"]
[BlackElo "2530"]
[Result "0-1"]
[Round "03"]
[TimeControl "180+1"]
[Date "2023.03.14"]
[WhiteClock "0:00:07"]
[BlackClock "0:00:26"]

1. e4 g6 2. Nc3 Bg7 3. g3 c5 4. Bg2 Nc6 5. Nge2 Rb8 6. O-O b5 7. d3 d6 8. h3 e6 9. f4 Nge7 10. g4 f5 11. Ng3 Nd4 12. Nce2 O-O 13. c3 Nxe2+ 14. Qxe2 b4 15. Bd2 a5 16. Rab1 Qd7 17. h4 Ba6 18. c4 Nc6 19. Be3 Nd4 20. Bxd4 Bxd4+ 21. Kh2 Rbe8 22. Bf3 e5 23. fxe5 f4 24. Nh1 dxe5 25. Nf2 h6 26. Rh1 Rd8 27. Kg2 Bxf2 28. Qxf2 Qxd3 29. Qxc5 Qc2+ 30. Kh3 Rd3 31. Rbf1 Qe2 32. Qf2 Qxf2 33. Rxf2 Bxc4 34. b3 Be6 35. Rc1 h5 36. Rc5 hxg4+ 0-1


[Site "https://www.chess.com"]

[Event "Titled Tuesday Blitz March 14 Late 2023"]
[White "Campelo, Leandro Fabricio"]
[Black "Janaszak, Dawid"]
[WhiteFideId "2103346"]
[BlackFideId "1119206"]
[WhiteElo "2070"]
[BlackElo "2220"]
[Result "0-1"]
[Round "03"]
[TimeControl "180+1"]
[Date "2023.03.14"]
[WhiteClock "0:01:08"]
[BlackClock "0:00:33"]

1. e4 c5 2. Nf3 g6 3. d4 cxd4 4. Nxd4 Bg7 5. Nc3 Nc6 6. Be3 Nf6 7. Bc4 O-O 8. Bb3 Re8 9. f4 d5 10. exd5 Nb4 11. Qf3 Ng4 12. Bg1 e5 13. dxe6 Bxd4 14. O-O-O Bxe6 15. Bxd4 Bxb3 16. cxb3 Qc8 17. Kb1 Qf5+ 18. Rd3 Nxd3 19. Ka1 Ne1 0-1


[Site "https://www.chess.com"]

[Event "Titled Tuesday Blitz March 14 Late 2023"]
[White "Caruana, Fabiano"]
[Black "Nazaretyan, Tigran"]
[WhiteFideId "2020009"]
[BlackFideId "24162345"]
[WhiteElo "2818"]
[BlackElo "2111"]
[Result "1-0"]
[Round "03"]
[TimeControl "180+1"]
[Date "2023.03.14"]
[WhiteClock "0:00:39"]
[BlackClock "0:00:03"]

1. e4 c5 2. Nf3 d6 3. d4 cxd4 4. Nxd4 Nf6 5. Bd3 e5 6. Nf3 Nc6 7. O-O h6 8. c4 Be7 9. Nc3 O-O 10. h3 Be6 11. Be3 Rc8 12. Rc1 a6 13. b3 Nb8 14. Qe2 Nbd7 15. Rfd1 Nc5 16. Bb1 Qa5 17. Bd2 Qb6 18. Nd5 Qd8 19. b4 Ncd7 20. Be3 Ne8 21. a4 a5 22. bxa5 Bxd5 23. Rxd5 Nc7 24. Rdd1 Ne6 25. Qe1 Ra8 26. Bd2 Qc7 27. Bb4 Ndc5 28. Bc2 Rfc8 29. Rb1 Qc6 30. Rd5 Nxa4 31. Nxe5 dxe5 32. Bxe7 Rc7 33. Bd6 Rd7 34. Bxe5 Nac5 35. Rb6 Qc8 36. f4 Ra6 37. f5 Rxb6 38. axb6 Nf8 39. Qg3 f6 40. Bxf6 Rf7 41. Bd4 Ncd7 42. c5 Nf6 43. Rd6 Ne8 44. Bb3 Nxd6 45. Qxd6 Qe8 46. c6 bxc6 47. b7 Kh7 48. Bxf7 Qxf7 49. b8=Q Nd7 50. Qd8 Nf6 51. Bxf6 gxf6 52. Q6xf6 1-0


[Site "https://www.chess.com"]

[Event "Titled Tuesday Blitz March 14 Late 2023"]
[White "Chan, Kim Yew"]
[Black "O`Gorman, Tom"]
[WhiteFideId "5717981"]
[BlackFideId "2508249"]
[WhiteElo "2206"]
[BlackElo "2271"]
[Result "0-1"]
[Round "03"]
[TimeControl "180+1"]
[Date "2023.03.14"]
[WhiteClock "0:00:13"]
[BlackClock "0:01:43"]

1. c4 e6 2. Nf3 d5 3. d4 a6 4. c5 b6 5. cxb6 cxb6 6. Nc3 Nf6 7. Bf4 Bd6 8. Bxd6 Qxd6 9. e3 O-O 10. Bd3 Nc6 11. O-O Bb7 12. Rc1 b5 13. Qe2 Rac8 14. a4 b4 15. Nb1 Na5 16. Nbd2 Ne4 17. Rfd1 b3 18. Ne5 f6 19. Nxe4 dxe4 20. Qd2 exd3 21. Qxa5 fxe5 22. Rxc8 Rxc8 23. dxe5 Qd5 0-1


[Site "https://www.chess.com"]

[Event "Titled Tuesday Blitz March 14 Late 2023"]
[White "Cheng, Xiao"]
[Black "Weetik, Vjacheslav"]
[WhiteFideId "2022915"]
[BlackFideId "4153472"]
[WhiteElo "2455"]
[BlackElo "2469"]
[Result "1/2-1/2"]
[Round "03"]
[TimeControl "180+1"]
[Date "2023.03.14"]
[WhiteClock "0:00:21"]
[BlackClock "0:00:10"]

1. e4 c6 2. d4 d5 3. exd5 cxd5 4. c3 Nc6 5. Na3 Bf5 6. Bd3 Bxd3 7. Qxd3 e5 8. dxe5 Bxa3 9. bxa3 Nxe5 10. Qe2 Qe7 11. Be3 Nf6 12. Qb5+ Nc6 13. Nf3 O-O 14. O-O Rfd8 15. Bg5 Rab8 16. a4 h6 17. Bf4 Rbc8 18. Rab1 b6 19. Nd4 Nxd4 20. cxd4 Ne4 21. Qb3 Rc4 22. Rbe1 Qb4 23. f3 Nf6 24. Re7 Qxa4 25. Be5 Nd7 26. Qe3 Nxe5 27. dxe5 Qb4 28. Rxa7 Qc5 29. Qxc5 bxc5 30. Re1 Re8 31. Rc7 d4 32. f4 g6 33. Rd1 Rc3 34. a4 d3 35. Kf2 c4 36. Ke3 Ra8 37. Kd4 Rc2 38. Rxc4 Rxc4+ 39. Kxc4 Rxa4+ 40. Kxd3 Rxf4 41. Re1 Rf2 42. Re2 Rxe2 43. Kxe2 Kf8 44. Ke3 Ke7 45. Kf4 Ke6 46. Ke4 Ke7 47. Kd5 Kd7 48. g3 Ke7 49. h3 Kd7 50. Kd4 Ke7 51. Ke4 Ke6 52. g4 Ke7 53. Kd5 Kd7 54. Kd4 Ke7 55. Kd5 Kd7 56. h4 Ke7 57. Kd4 Ke6 58. Ke4 h5 59. gxh5 gxh5 60. Kf4 Kd5 61. Kf5 Kd4 62. Kf6 Ke4 63. Kxf7 Kxe5 64. Kg6 Ke6 65. Kxh5 Kf7 66. Kh6 Kg8 67. Kg6 Kh8 68. h5 Kg8 69. h6 Kh8 70. h7 1/2-1/2


[Site "https://www.chess.com"]

[Event "Titled Tuesday Blitz March 14 Late 2023"]
[White "Chigaev, Maksim"]
[Black "Petukhov, Dmitry"]
[WhiteFideId "4108116"]
[BlackFideId "4142748"]
[WhiteElo "2547"]
[BlackElo "2311"]
[Result "1-0"]
[Round "03"]
[TimeControl "180+1"]
[Date "2023.03.14"]
[WhiteClock "0:00:32"]
[BlackClock "0:00:09"]

1. Nf3 Nf6 2. g3 g6 3. b3 Bg7 4. Bb2 O-O 5. c4 d5 6. Bg2 dxc4 7. bxc4 Nc6 8. O-O Bg4 9. d3 Qc8 10. Nbd2 Bh3 11. Rb1 Bxg2 12. Kxg2 b6 13. Qa4 Qb7 14. Kg1 Rad8 15. Ba1 Nd7 16. Bxg7 Kxg7 17. d4 e5 18. d5 Nd4 19. Nxd4 exd4 20. Nb3 b5 21. Nxd4 a6 22. Qb3 Nb6 23. Qc3 Kg8 24. e4 bxc4 25. Nc6 Rde8 26. Rfe1 Qc8 27. Kg2 Qg4 28. f3 Qg5 29. h4 Qh6 30. Rbd1 Qg7 31. e5 Qh6 1-0


[Site "https://www.chess.com"]

[Event "Titled Tuesday Blitz March 14 Late 2023"]
[White "Chor, Kevin"]
[Black "Szyszylo, Rafal"]
[WhiteFideId "2090740"]
[BlackFideId "1109626"]
[WhiteElo "2615"]
[BlackElo "1951"]
[Result "1-0"]
[Round "03"]
[TimeControl "180+1"]
[Date "2023.03.14"]
[WhiteClock "0:00:17"]
[BlackClock "0:00:07"]

1. Nf3 g6 2. d4 Bg7 3. e4 d6 4. Bd3 Nf6 5. O-O Bg4 6. Nbd2 Nc6 7. h3 Bxf3 8. Nxf3 e5 9. c3 O-O 10. Re1 h6 11. Bc2 Re8 12. b3 a6 13. Bb2 exd4 14. cxd4 Re7 15. Qd2 Qe8 16. Qf4 Nb4 17. Bb1 Rd8 18. a3 Nc6 19. Bc2 Nh5 20. Qg4 Nf6 21. Qf4 Nh5 22. Qd2 Nf6 23. Qd3 Nh5 24. b4 Nf4 25. Qb3 Ne6 26. Rad1 Ng5 27. Nxg5 hxg5 28. Qg3 Bf6 29. f4 gxf4 30. Qxf4 Bg7 31. Rf1 Rdd7 32. Rde1 Nd8 33. Bb3 Ne6 34. Qf2 c6 35. d5 cxd5 36. Bxg7 Nxg7 37. Bxd5 Ne6 38. Qf6 Rc7 39. Re3 Qf8 40. Rg3 Qg7 41. Qf2 Qd4 42. Qxd4 Nxd4 43. Rxg6+ Kf8 44. Rxd6 Nc6 45. h4 Rcd7 46. Rh6 Re5 47. Rh8+ Ke7 48. Rxf7+ Kd6 49. Rxd7+ Kxd7 50. Rh7+ Kc8 51. h5 Ne7 52. h6 Nxd5 53. exd5 Rxd5 54. Rg7 Rh5 55. h7 Kb8 56. Rg8+ Ka7 57. h8=Q Rxh8 58. Rxh8 b6 59. Rh5 b5 60. Rf5 Kb6 61. g4 Kc6 62. Rf6+ Kb7 63. g5 a5 64. bxa5 b4 65. axb4 Ka7 66. g6 Kb7 67. g7 Kc7 68. g8=Q Kd7 69. Qg7+ Ke8 70. Rf8# 1-0


[Site "https://www.chess.com"]

[Event "Titled Tuesday Blitz March 14 Late 2023"]
[White "Cramling Bellon, Anna"]
[Black "Fule, Simon"]
[WhiteFideId "32009232"]
[BlackFideId "787515"]
[WhiteElo "1972"]
[BlackElo "2391"]
[Result "0-1"]
[Round "03"]
[TimeControl "180+1"]
[Date "2023.03.14"]
[WhiteClock "0:00:02"]
[BlackClock "0:00:06"]

1. d4 Nf6 2. c4 d6 3. Nc3 g6 4. e4 Bg7 5. h3 O-O 6. Nf3 Nbd7 7. Bg5 h6 8. Be3 e5 9. d5 Nc5 10. Qc2 a5 11. Be2 b6 12. g4 Bd7 13. O-O-O a4 14. g5 hxg5 15. Nxg5 Qe7 16. h4 Ng4 17. Rdg1 f5 18. h5 Bh6 19. Bxg4 fxg4 20. Qd2 a3 21. b4 Na6 22. hxg6 Bxg5 23. Bxg5 Qg7 24. Rh7 Qxg6 25. Rxd7 Nxb4 26. Rxg4 Rxf2 27. Qd1 Raf8 28. Bf6 R8xf6 29. Rxg6+ Rxg6 30. Qe1 Nd3+ 31. Kd1 Nxe1 32. Kxe1 Rc2 33. Nd1 Rxa2 34. Rxc7 Rg1# 0-1


[Site "https://www.chess.com"]

[Event "Titled Tuesday Blitz March 14 Late 2023"]
[White "Dahl, Trygve"]
[Black "Yelisieiev, Yevhenii"]
[WhiteFideId "1513427"]
[BlackFideId "14139642"]
[WhiteElo "2125"]
[BlackElo "2447"]
[Result "1-0"]
[Round "03"]
[TimeControl "180+1"]
[Date "2023.03.14"]
[WhiteClock "0:00:46"]
[BlackClock "0:00:03"]

1. c4 d6 2. Nc3 e5 3. e4 Nf6 4. g3 Be7 5. Bg2 O-O 6. Nge2 Nbd7 7. O-O c6 8. d3 a5 9. h3 Rb8 10. a4 Nc5 11. Be3 Qb6 12. Rb1 Qb3 13. Qd2 Qb4 14. b3 Rd8 15. Qc2 d5 16. exd5 cxd5 17. Nb5 dxc4 18. dxc4 g6 19. g4 Rd3 20. Nc1 Rxe3 21. fxe3 Nxg4 22. hxg4 Bxg4 23. Na2 1-0


[Site "https://www.chess.com"]

[Event "Titled Tuesday Blitz March 14 Late 2023"]
[White "Davidson, Kevin"]
[Black "Arabidze, Meri"]
[WhiteFideId "2056810"]
[BlackFideId "13604040"]
[WhiteElo "2151"]
[BlackElo "2405"]
[Result "1-0"]
[Round "03"]
[TimeControl "180+1"]
[Date "2023.03.14"]
[WhiteClock "0:00:05"]
[BlackClock "0:00:15"]

1. e4 c5 2. Nf3 e6 3. d4 cxd4 4. Nxd4 Nc6 5. Nc3 a6 6. g3 Qc7 7. Bg2 Nf6 8. O-O Bc5 9. Nb3 Ba7 10. Qe2 b5 11. Be3 Bxe3 12. Qxe3 O-O 13. Rad1 Ne5 14. h3 Nc4 15. Qc1 Bb7 16. Rfe1 d6 17. Nd2 Rab8 18. Nxc4 bxc4 19. Rd4 e5 20. Rd2 Rfd8 21. Red1 Bc6 22. Kh2 h6 23. Re2 a5 24. f4 a4 25. fxe5 dxe5 26. Nd5 Bxd5 27. exd5 c3 28. bxc3 Qxc3 29. Qe3 Qc4 30. d6 Qxa2 31. c3 Qc4 32. Red2 a3 33. Qxe5 a2 34. Ra1 Rb5 35. Qf4 Qxc3 36. Raxa2 Rb4 37. Qf2 Qc1 38. d7 Rbb8 39. Rac2 Qa3 40. Bc6 h5 41. Qd4 Rb4 42. Qc3 Rb3 43. Qc5 Rxg3 44. Qxa3 Rxa3 45. Re2 Nxd7 46. Rcd2 Ra7 47. Re7 Kf8 48. Rexd7 Rdxd7 49. Bxd7 Rxd7 50. Rxd7 g5 51. Ra7 Kg7 52. Kg3 Kg6 53. h4 f6 54. Ra6 Kf5 55. Ra5+ Kg6 56. hxg5 fxg5 57. Kh3 Kf6 58. Kg3 Kg6 59. Kf3 Kf6 60. Ke4 h4 61. Ra6+ Kg7 62. Kf5 h3 63. Kxg5 h2 64. Ra1 1-0


[Site "https://www.chess.com"]

[Event "Titled Tuesday Blitz March 14 Late 2023"]
[White "Delgado Rosas, Fatima Alexandra"]
[Black "Escalona Landi, Samid Eduardo"]
[WhiteFideId "6603963"]
[BlackFideId "3937437"]
[WhiteElo "2326"]
[BlackElo "2207"]
[Result "0-1"]
[Round "03"]
[TimeControl "180+1"]
[Date "2023.03.14"]
[WhiteClock "0:00:37"]
[BlackClock "0:00:10"]

1. d4 Nf6 2. c4 g6 3. Nc3 Bg7 4. Nf3 d6 5. e3 O-O 6. Be2 Nbd7 7. O-O e5 8. b4 e4 9. Nd2 Re8 10. Qc2 Qe7 11. a4 Nf8 12. Ba3 Bf5 13. b5 h5 14. a5 a6 15. Rfc1 N8h7 16. Nd5 Nxd5 17. cxd5 Rec8 18. bxa6 bxa6 19. Rab1 Nf6 20. Qc4 Bd7 21. Qa2 Ra7 22. Rb2 h4 23. h3 g5 24. Rbc2 g4 25. Bf1 Bh6 26. Qb3 gxh3 27. gxh3 Kh8 28. Kh2 Nh7 29. Nc4 Ng5 30. Ne5 Bf5 31. Bg2 Qf6 32. Nc6 Raa8 33. Nb4 Ra7 34. Nc6 Raa8 35. Nb4 Rab8 36. Rxc7 Rxc7 37. Rxc7 Bxh3 38. Qc2 Bxg2 39. Rc8+ Rxc8 40. Qxc8+ Kh7 41. Kxg2 Qf3+ 42. Kf1 h3 43. Ke1 h2 44. Kd2 h1=Q 45. Kc3 Qe1+ 46. Kb3 Qfd1+ 47. Nc2 Qb1+ 48. Bb2 Qed1 49. Qc7 Kg7 50. f4 Qd3+ 51. Ka4 Qbxc2+ 52. Qxc2 Qxc2+ 53. Ka3 Nf3 54. f5 Qc4 55. f6+ Kxf6 56. Bc3 Kf5 57. Kb2 Qxd5 58. Bb4 Qb5 59. Kc3 d5 60. Bc5 Bxe3 61. Bb4 Bxd4+ 62. Kc2 Qc4+ 63. Bc3 Qxc3+ 64. Kd1 Qd2# 0-1


[Site "https://www.chess.com"]

[Event "Titled Tuesday Blitz March 14 Late 2023"]
[White "Di Berardino, Diego Rafael"]
[Black "Melikhov, Evgeny V."]
[WhiteFideId "2105446"]
[BlackFideId "4122046"]
[WhiteElo "2432"]
[BlackElo "2158"]
[Result "0-1"]
[Round "03"]
[TimeControl "180+1"]
[Date "2023.03.14"]
[WhiteClock "0:00:03"]
[BlackClock "0:00:24"]

1. e4 e5 2. Nf3 Nc6 3. Bc4 Nf6 4. d3 Be7 5. O-O O-O 6. Re1 d6 7. a4 a5 8. Nc3 Be6 9. Bxe6 fxe6 10. d4 exd4 11. Nxd4 Nxd4 12. Qxd4 Nd7 13. Qc4 Rf6 14. Bg5 Rg6 15. Bxe7 Qxe7 16. Qxc7 Rf8 17. g3 Qf6 18. Re2 Ne5 19. Qxd6 Nf3+ 20. Kg2 Nxh2 21. f4 Qh4 22. f5 Rg4 23. Rh1 Rd8 24. Rxh2 Qxh2+ 25. Kxh2 Rxd6 26. fxe6 Rxe6 27. Kg2 h5 28. Kf3 Rf6+ 29. Kg2 h4 30. Kh3 Rxg3+ 31. Kxh4 Rg1 0-1


[Site "https://www.chess.com"]